[Event "Team 45 45 League T45"]
[Site "Internet Chess Club"]
[Date "2010.05.16"]
[Round "2"]
[White "rayonline53"]
[Black "LazyPeon"]
[Result "1/2-1/2"]
[WhiteElo "1527"]
[BlackElo "1619"]
[Opening "Sicilian: Scheveningen (Paulsen), classical variation"]
[ECO "B84"]
[Time "16:01:50"]
[TimeControl "2700+45"]

1. e4 c5 2. Nf3 d6 3. d4 cxd4 4. Nxd4 Nf6 5. Nc3 a6 6. Be2 e6 7. Be3 Be7 8. Qd2
b5 9. f3 Bb7 10. g4 Nbd7 11. h4 Nc5 12. h5 b4 13. Nd1 Nfxe4 14. Qxb4 d5 15. O-O
Ng3 16. Rf2 Bd6 17. Nxe6 Qh4 18. Rh2 Nxe2+ 19. Rxe2 Nxe6 20. Qxb7 O-O 21. Qxd5
Rad8 22. Qf5 Rfe8 23. Nc3 Bb4 24. Ne4 Bd6 25. Nxd6 Rxd6 26. Rh2 Qd8 27. Re1 Nd4
28. Qf4 Rf6 29. Qxd4 Qxd4 30. Bxd4 Rxe1+ 31. Kf2 Rfe6 32. Kg3 Kf8 33. Rd2 f6 34.
Kf2 Re8 35. c3 Rh1 36. Kg2 Rhe1 37. b4 R1e2+ 38. Rxe2 Rxe2+ 39. Kg3 Rxa2 40. Kf4
Kf7 41. Kf5 Re2 42. Kf4 Ke6 43. Kg3 h6 44. Kf4 Ra2 45. Ke3 a5 46. bxa5 Rxa5 47.
Kf4 Rd5 48. Ke4 Kd6 49. Kf4 Kc6 50. Ke4 Rg5 51. Kf4 Kd5 52. Ke3 Kc4 53. Ke4 Kb5
54. Kf4 Kc6 55. Ke4 Kd6 56. Kf4 Ke6 57. Ke4 f5+ 58. Kf4 fxg4 59. fxg4 Kd5 60.
Kf3 Kc4 61. Be3 Rd5 62. Bd4 Kd3 63. Bxg7 Rd6 64. Bd4 Rd5 65. Bg7 Rd6 66. Bd4 Rd5
67. Kf4 Kc4 68. Bg7 Rd6 69. Bd4 {Game drawn by mutual agreement} 1/2-1/2

[Event "Team 45 45 League T45"]
[Site "Internet Chess Club"]
[Date "2010.05.16"]
[Round "2"]
[White "UnderRated"]
[Black "loserloser"]
[Result "1/2-1/2"]
[WhiteElo "1705"]
[BlackElo "1617"]
[Opening "Vienna game"]
[ECO "C26"]
[Time "12:08:38"]
[TimeControl "2700+45"]

1. e4 e5 2. Nc3 Nf6 3. Bc4 Bc5 4. f4 d6 5. d3 Nc6 6. Nf3 a6 7. fxe5 dxe5 8. Bg5
h6 9. Bh4 Qd6 10. h3 Be6 11. Bxf6 Bxc4 12. Bh4 Be6 13. Qd2 b5 14. Bf2 Nd4 15.
Nxd4 Bxd4 16. O-O O-O 17. Be3 c5 18. Rf3 Rac8 19. Kh2 Kh7 20. Raf1 Rfd8 21. Bxh6
Bxc3 22. bxc3 Bxa2 23. Be3 Be6 24. Qf2 Qe7 25. Qg3 Rh8 26. Qxe5 Qc7 27. Qxc7
Rxc7 28. Ra1 Ra8 29. Ra5 f6 30. Rf1 c4 31. Bd4 Bc8 32. Rfa1 Bb7 33. g4 cxd3 34.
cxd3 b4 35. Rc5 Rxc5 36. Bxc5 bxc3 37. Rc1 Rc8 38. Rxc3 a5 39. Kg3 a4 40. Kf4
g5+ 41. Ke3 Kg6 42. d4 Rh8 43. Kf2 Bxe4 44. Ra3 Bc6 45. Kg3 Rb8 46. Rd3 {Game
drawn by mutual agreement} 1/2-1/2

[Event "Team 45 45 League T45"]
[Site "Internet Chess Club"]
[Date "2010.05.15"]
[Round "2"]
[White "radiohead"]
[Black "slipkid"]
[Result "0-1"]
[WhiteElo "1385"]
[BlackElo "1602"]
[Opening "Queen's Indian: Petrosian system"]
[ECO "E12"]
[Time "16:00:13"]
[TimeControl "2700+45"]

1. d4 Nf6 2. c4 e6 3. Nf3 b6 4. a3 d5 5. cxd5 exd5 6. Nc3 Be7 7. e3 O-O 8. h3
Bb7 9. Bd3 c5 10. O-O cxd4 11. Nxd4 Nbd7 12. b4 Rc8 13. Bb2 Ne5 14. Bf5 Nfd7 15.
Rc1 Nc4 16. Qe2 a6 17. Rfd1 Rc7 18. Nf3 Nf6 19. Ne4 Nxb2 20. Qxb2 Nxe4 21. Bxe4
Bf6 22. Qb1 Rxc1 23. Qxc1 Qa8 24. Bb1 Rc8 25. Qd2 Rd8 26. Nd4 g6 27. Ba2 Be5 28.
Nf3 Bf6 29. Nd4 Be7 30. Nf3 d4 31. Qe2 Bxf3 32. Qxf3 Qxf3 33. gxf3 d3 34. Bc4 a5
35. bxa5 bxa5 36. Rxd3 Rxd3 37. Bxd3 Bxa3 38. Bc2 Kg7 39. Kf1 Kf6 40. Ke2 Kg5
41. Bb3 f5 42. e4 Kf4 43. h4 fxe4 44. fxe4 Kxe4 45. f3+ Kf5 46. Kf2 Kf4 47. Bd5
Bc5+ 48. Kg2 a4 49. Be4 a3 50. Bd5 h6 51. Kh3 Ke5 52. Bf7 Be3 53. Kg4 h5+ 54.
Kh3 Bf4 55. Kg2 Kd4 56. Kf1 Ke3 57. Kg2 Kd2 58. Kf2 Kc1 59. Kg2 Kb2 60. Kf2 a2
61. Bxa2 Kxa2 62. Kg2 Kb2 63. Kf2 Kc2 64. Kg2 Kd3 65. Kf2 Bc7 66. Kg2 Ke3 {White
resigns} 0-1

[Event "Team 45 45 League T45"]
[Site "Internet Chess Club"]
[Date "2010.05.19"]
[Round "2"]
[White "rookmaster23"]
[Black "oldprez"]
[Result "1/2-1/2"]
[WhiteElo "1391"]
[BlackElo "1397"]
[Opening "King's Indian: 6.Be2"]
[ECO "E91"]
[Time "20:00:14"]
[TimeControl "2700+45"]

1. d4 Nf6 2. c4 g6 3. Nc3 Bg7 4. e4 d6 5. Nf3 O-O 6. Be2 Nbd7 7. O-O c5 8. d5
Nb6 9. Re1 Bd7 10. Be3 Qc8 11. e5 Ng4 12. exd6 Nxe3 13. fxe3 exd6 14. e4 Re8 15.
Bd3 Bg4 16. Nb5 Be5 17. Be2 f5 18. Nxe5 Rxe5 19. exf5 Qxf5 20. Bxg4 Rxe1+ 21.
Qxe1 Qxg4 22. Nxd6 Nxc4 23. Nxc4 Qxc4 24. Qe6+ Kg7 25. Rf1 Qd4+ 26. Kh1 Kh6 27.
Qh3+ Kg7 28. Qd7+ Kh6 29. Qh3+ Kg7 30. Qd7+ Kh6 31. Qh3+ Kg7 32. Qd7+ {Game
drawn by repetition} 1/2-1/2

[Event "Team 45 45 League T45"]
[Site "Internet Chess Club"]
[Date "2010.05.14"]
[Round "2"]
[White "Magagna"]
[Black "basserben"]
[Result "1-0"]
[WhiteElo "1816"]
[BlackElo "1596"]
[Opening "Grünfeld: Stockholm variation"]
[ECO "D80"]
[Time "20:15:53"]
[TimeControl "2700+45"]

1. d4 Nf6 2. c4 g6 3. Nc3 d5 4. Bg5 Ne4 5. Nxe4 dxe4 6. e3 Bg7 7. b4 b6 8. Rc1
a5 9. b5 h5 10. h3 h4 11. Ne2 c6 12. a4 Bb7 13. c5 cxb5 14. axb5 Qc7 15. c6 Bc8
16. Nc3 e6 17. Bf4 Qe7 18. Qb3 O-O 19. Na4 Qa7 20. Bc4 Re8 21. Bh2 Nxc6 22. bxc6
Ba6 23. Qxb6 Bxc4 24. Qxa7 Rxa7 25. Rxc4 Ra6 26. Ke2 Bf8 27. c7 Rc8 28. Rb1 Bb4
29. Rbxb4 axb4 30. Rxb4 Kh7 31. Rb8 Ra8 32. Rxc8 Rxc8 33. Nb6 Rxc7 34. Bxc7 Kg7
35. Nd7 {Black resigns} 1-0

[Event "Team 45 45 League T45"]
[Site "Internet Chess Club"]
[Date "2010.05.15"]
[Round "2"]
[White "toukon"]
[Black "gerailen0075"]
[Result "1/2-1/2"]
[WhiteElo "1558"]
[BlackElo "1856"]
[Opening "French: Fort Knox variation"]
[ECO "C10"]
[Time "21:00:07"]
[TimeControl "2700+45"]

1. e4 e6 2. d4 d5 3. Nc3 dxe4 4. Nxe4 Bd7 5. Nf3 Bc6 6. Bd3 Nd7 7. O-O Ngf6 8.
Ng3 Bxf3 9. Qxf3 c6 10. Bg5 Be7 11. Rfe1 Qa5 12. Bf4 O-O 13. c3 Rfd8 14. Nf5
exf5 15. Rxe7 Nd5 16. Re2 Nxf4 17. Qxf4 g6 18. Bc4 b5 19. Bb3 c5 20. dxc5 Nxc5
21. Bc2 Nd3 22. Bxd3 Rxd3 23. Rae1 Rad8 24. Re8+ Rxe8 25. Rxe8+ Kg7 26. Qe5+ Kh6
27. h4 Qa4 28. b4 Qd1+ 29. Kh2 Qg4 30. g3 Qf3 31. Qe2 Qxe2 32. Rxe2 Rxc3 33. Re7
Ra3 34. Rxf7 Rxa2 35. Kg2 Ra4 36. Rb7 a6 37. Rb6 Rxb4 38. Rxa6 Rb1 39. Rb6 b4
40. Rb8 b3 41. Rb7 b2 42. Rb8 Kg7 43. Rb6 Kf7 44. Kf3 Ke7 45. Kg2 Kd7 46. Kf3
Kc7 47. Rb4 Kc6 48. Kg2 Kc5 49. Rb8 Kc4 50. Rb7 Kc3 51. Rc7+ Kb3 52. Rb7+ Kc3
53. Rc7+ Kb3 54. Rb7+ Kc3 55. Rc7+ Kb3 {Game drawn by repetition} 1/2-1/2

[Event "Team 45 45 League T45"]
[Site "Internet Chess Club"]
[Date "2010.05.15"]
[Round "2"]
[White "ChessicStudent"]
[Black "BrandonBee"]
[Result "1-0"]
[WhiteElo "1542"]
[BlackElo "1523"]
[Opening "Dutch with c4 & Nc3"]
[ECO "A85"]
[Time "12:00:20"]
[TimeControl "2700+45"]

1. d4 f5 2. c4 Nf6 3. Nc3 g6 4. Nf3 Bg7 5. Bg5 O-O 6. Qc2 d6 7. e4 fxe4 8. Nxe4
Bf5 9. Bd3 Nc6 10. Nxf6+ exf6 11. Bxf5 fxg5 12. Be6+ Kh8 13. O-O-O Qf6 14. Rhe1
Qf4+ 15. Kb1 Nxd4 16. Nxd4 Bxd4 17. Re4 Qxf2 18. Rexd4 Qxc2+ 19. Kxc2 Rf2+ 20.
R1d2 Raf8 21. Rxf2 Rxf2+ 22. Rd2 Rxd2+ 23. Kxd2 Kg7 24. Ke3 Kf6 25. Bd5 c6 26.
Bf3 h5 27. b4 g4 28. Be4 g5 29. b5 cxb5 30. cxb5 b6 31. Kd4 Ke6 32. a4 h4 33.
Bg6 Kf6 34. Bh5 Kf5 35. Kd5 g3 36. hxg3 hxg3 37. Kxd6 Ke4 38. Kc7 Kd4 39. Kb7
Kc5 40. Kxa7 Kb4 41. Kxb6 Kxa4 42. Ka6 {Black resigns} 1-0

[Event "Team 45 45 League T45"]
[Site "Internet Chess Club"]
[Date "2010.05.18"]
[Round "2"]
[White "AG2009"]
[Black "ElCreyente"]
[Result "0-1"]
[WhiteElo "2128"]
[BlackElo "2274"]
[Opening "King's Indian: fianchetto, classical variation, 8.e4"]
[ECO "E68"]
[Time "14:15:08"]
[TimeControl "2700+45"]

1. d4 Nf6 2. Nf3 g6 3. g3 Bg7 4. Bg2 O-O 5. O-O d6 6. c4 Nbd7 7. Nc3 e5 8. e4
exd4 9. Nxd4 Re8 10. h3 a6 11. Be3 Rb8 12. b3 Qe7 13. a4 Nc5 14. f3 a5 15. Bf2
c6 16. Re1 Qc7 17. Rb1 Bd7 18. f4 Rbd8 19. Qc2 Bc8 20. Re2 Nfd7 21. Rbe1 Na6 22.
Qb1 Ndc5 23. Kh2 Nb4 24. Rd2 b6 25. Red1 Bb7 26. Nde2 h5 27. f5 Kh7 28. h4 Be5
29. Bd4 Qe7 30. Bxe5 dxe5 31. Ng1 Bc8 32. Nf3 f6 33. Bh3 gxf5 34. exf5 Rxd2+ 35.
Rxd2 Rd8 36. Ng5+ Kg7 37. Nge4 Rxd2+ 38. Nxd2 Qd8 39. Qd1 Kh6 40. Qe2 Qd3 41.
Qxd3 Nbxd3 42. Nce4 Kg7 43. Kg1 Nxe4 44. Nxe4 Nc1 45. c5 b5 46. axb5 cxb5 47.
Nd6 Bd7 48. Bg2 Ne2+ 49. Kf2 Nd4 50. Be4 a4 51. bxa4 bxa4 52. Ke3 a3 53. Bd5
Nxf5+ 54. Nxf5+ Bxf5 55. Ba2 Bd7 56. Ke4 Bc6+ 57. Kd3 Be8 58. Kc2 Bf7 {White
resigns} 0-1

[Event "Team 45 45 League T45"]
[Site "Internet Chess Club"]
[Date "2010.05.15"]
[Round "2"]
[White "Paulkov"]
[Black "jefferyx"]
[Result "1-0"]
[WhiteElo "2238"]
[BlackElo "2116"]
[Opening "Sicilian defense"]
[ECO "B40"]
[Time "20:02:27"]
[TimeControl "2700+45"]

1. e4 c5 2. Nf3 e6 3. c4 Nc6 4. Nc3 Nf6 5. Be2 Be7 6. O-O O-O 7. d4 cxd4 8. Nxd4
d6 9. Be3 a6 10. Rc1 Bd7 11. f4 Qc7 12. Bf3 Rfe8 13. Qd2 Bf8 14. Nb3 Na5 15.
Nxa5 Qxa5 16. Qf2 Rac8 17. Bb6 Qb4 18. e5 Rxc4 19. a3 Qb3 20. Bd1 Rxf4 21. Bxb3
Rxf2 22. Bxf2 {Black resigns} 1-0

[Event "Team 45 45 League T45"]
[Site "Internet Chess Club"]
[Date "2010.05.12"]
[Round "2"]
[White "fishhead"]
[Black "az2112"]
[Result "1-0"]
[WhiteElo "2066"]
[BlackElo "1727"]
[Opening "Caro-Kann: two knights, 3...Bg4"]
[ECO "B10"]
[Time "21:30:05"]
[TimeControl "2700+45"]

1. e4 c6 2. Nf3 d5 3. Nc3 Bg4 4. h3 Bh5 5. exd5 cxd5 6. Bb5+ Nc6 7. g4 Bg6 8.
Ne5 Rc8 9. d4 e6 10. h4 f6 11. Nxg6 hxg6 12. Qe2 Kf7 13. Be3 Bb4 14. Qd3 a6 15.
Bxc6 Rxc6 16. Bd2 Qc7 17. h5 gxh5 18. Rxh5 Rxh5 19. gxh5 f5 20. Qf3 Nf6 21. h6
gxh6 22. O-O-O Bxc3 23. Bxc3 Ne4 24. Qh5+ Ke7 25. Bb4+ Kd8 26. Qxh6 Rxc2+ 27.
Kb1 Rc6 28. Qf8+ Kd7 29. Rh1 Qd8 30. Qg7+ Kc8 31. Rh8 Qxh8 32. Qxh8+ Kc7 33.
Qe5+ Kd7 34. Qb8 Rb6 35. Ba5 {Black resigns} 1-0

[Event "Team 45 45 League T45"]
[Site "Internet Chess Club"]
[Date "2010.05.20"]
[Round "2"]
[White "cesaralexander"]
[Black "bogolijubov"]
[Result "0-1"]
[WhiteElo "1965"]
[BlackElo "1856"]
[Opening "Grünfeld: Russian, Alekhine (Hungarian) variation"]
[ECO "D97"]
[Time "14:33:10"]
[TimeControl "2700+45"]

1. d4 Nf6 2. c4 g6 3. Nc3 d5 4. Nf3 Bg7 5. Qb3 dxc4 6. Qxc4 O-O 7. e4 a6 8. e5
b5 9. Qb3 Nfd7 10. e6 fxe6 11. Be3 Nf6 12. Be2 Nc6 13. Rd1 Qd6 14. O-O Na5 15.
Qc2 Bb7 16. a3 Nc4 17. Ng5 Nxe3 18. fxe3 Bh6 19. e4 Bxg5 20. e5 Be3+ 21. Kh1 Qc6
22. Bd3 Ng4 23. Bxg6 Nf2+ 24. Rxf2 Rxf2 25. Bxh7+ Kh8 26. Qe4 Qxe4 27. Bxe4 Bxe4
28. Nxe4 {White resigns} 0-1

[Event "Team 45 45 League T45"]
[Site "Internet Chess Club"]
[Date "2010.05.16"]
[Round "2"]
[White "CapitanTrueno"]
[Black "Budzo"]
[Result "1/2-1/2"]
[WhiteElo "1769"]
[BlackElo "1813"]
[Opening "French: King's Indian attack"]
[ECO "C00"]
[Time "10:00:09"]
[TimeControl "2700+45"]

1. e4 e6 2. d3 d5 3. Nd2 c5 4. Ngf3 Nc6 5. g3 Bd6 6. Bg2 Nge7 7. O-O O-O 8. Re1
Qc7 9. c3 Bd7 10. Qe2 f6 11. Nb3 Rac8 12. Be3 b6 13. exd5 exd5 14. d4 c4 15.
Nbd2 Rfe8 16. Nf1 b5 17. Qd2 b4 18. Nh4 bxc3 19. bxc3 Rb8 20. Reb1 Rb7 21. Qc1
Reb8 22. Nd2 Qa5 23. Rxb7 Rxb7 24. Nb1 Nf5 25. Bh3 Nxh4 26. Bxd7 Rxd7 27. gxh4
Qc7 28. h3 Ne7 29. Nd2 Nf5 30. Nf3 Nxe3 31. Qxe3 Re7 32. Qd2 Qd7 33. Kg2 Qf5 34.
Re1 Rxe1 35. Qxe1 Kf7 36. Qc1 Qg6+ 37. Kf1 Qd3+ 38. Kg2 Qg6+ 39. Kf1 Qe4 40. Kg2
Qg6+ {Game drawn by repetition} 1/2-1/2

[Event "Team 45 45 League T45"]
[Site "Internet Chess Club"]
[Date "2010.05.18"]
[Round "2"]
[White "radiohead"]
[Black "jrichman38"]
[Result "0-1"]
[WhiteElo "1377"]
[BlackElo "1585"]
[Opening "Queen's pawn game"]
[ECO "E10"]
[Time "20:30:18"]
[TimeControl "2700+45"]

1. d4 Nf6 2. c4 e6 3. Nf3 d5 4. e3 a6 5. Nc3 dxc4 6. Bxc4 b5 7. Bd3 c5 8. b3 Nc6
9. Be4 Nxe4 10. Nxe4 cxd4 11. Nxd4 Bb7 12. f3 Qc7 13. O-O Rd8 14. Qe2 Nxd4 15.
exd4 Be7 16. Bb2 O-O 17. Rac1 Qb6 18. Kh1 Rc8 19. Qf2 b4 20. Rxc8 Rxc8 21. Bc1
Qb5 22. Be3 Qd3 23. Qd2 Qxf1+ {White resigns} 0-1

[Event "Team 45 45 League T45"]
[Site "Internet Chess Club"]
[Date "2010.05.15"]
[Round "2"]
[White "scottrugby"]
[Black "oldprez"]
[Result "1-0"]
[WhiteElo "1412"]
[BlackElo "1389"]
[Opening "Caro-Kann: exchange variation"]
[ECO "B13"]
[Time "20:00:09"]
[TimeControl "2700+45"]

1. e4 c6 2. d4 d5 3. exd5 cxd5 4. Bd3 Nf6 5. c3 Nc6 6. Nf3 Bg4 7. h3 Bh5 8. Bf4
e6 9. g4 Bg6 10. Bxg6 fxg6 11. Qb3 Qb6 12. Qxb6 axb6 13. Nbd2 b5 14. O-O Na5 15.
Rfe1 Ke7 16. Ng5 Ne4 17. Ndxe4 dxe4 18. Rxe4 h6 19. Nxe6 g5 20. Nc7+ Kf7 21.
Nxa8 gxf4 22. Rxf4+ Ke6 23. Re1+ Kd5 24. Re8 Bd6 25. Rf5+ Be5 26. Rfxe5+ {Black
resigns} 1-0

[Event "Team 45 45 League T45"]
[Site "Internet Chess Club"]
[Date "2010.05.17"]
[Round "2"]
[White "Sandia"]
[Black "Rapidcitychess"]
[Result "1/2-1/2"]
[WhiteElo "1353"]
[BlackElo "1380"]
[Opening "Sicilian defense"]
[ECO "B20"]
[Time "11:30:22"]
[TimeControl "2700+45"]

1. e4 c5 2. Bc4 Nc6 3. Nf3 e6 4. O-O Nf6 5. Re1 Be7 6. Nc3 O-O 7. d3 d5 8. Bb5
a6 9. Bxc6 bxc6 10. e5 Nd7 11. Bf4 Nb6 12. Qd2 Qc7 13. Bg5 h6 14. Bxe7 Qxe7 15.
a4 a5 16. b3 Rd8 17. Ne2 Bb7 18. Ng3 Rdb8 19. Qf4 Nd7 20. Re3 Ba6 21. h3 Rb4 22.
d4 cxd4 23. Nxd4 Nb8 24. c3 Rb6 25. Qg4 c5 26. Nf3 Rxb3 27. Nh5 Qf8 28. Nh4 d4
29. Rg3 g5 30. Nf6+ Kh8 31. Qe4 Qg7 32. Kh2 Bb7 33. Qc2 Rxc3 34. Rxc3 dxc3 35.
Nf3 Bxf3 36. gxf3 Qg6 37. Qxc3 Nc6 38. Rg1 Qf5 39. Ng4 h5 40. Qxc5 hxg4 41. Qxc6
Qxe5+ 42. Kh1 Rf8 43. Rxg4 Kg7 44. Qe4 Qf6 45. f4 Rh8 46. Rxg5+ Kf8 47. Kh2 Qh6
48. Qg2 f5 49. Rg3 Qxf4 50. Qa8+ Ke7 51. Qb7+ Kd6 52. Qb6+ Ke7 53. Qb7+ Kd6 54.
Qb6+ Ke7 {Game drawn by mutual agreement} 1/2-1/2

[Event "Team 45 45 League T45"]
[Site "Internet Chess Club"]
[Date "2010.05.16"]
[Round "2"]
[White "theartist"]
[Black "Muravey"]
[Result "1-0"]
[WhiteElo "1213"]
[BlackElo "1363"]
[Opening "QGD: Tarrasch, Prague variation, 9.Bg5"]
[ECO "D34"]
[Time "10:30:35"]
[TimeControl "2700+45"]

1. d4 d5 2. c4 e6 3. Nc3 c5 4. cxd5 exd5 5. Nf3 Nc6 6. g3 Nf6 7. Bg2 Be7 8. O-O
O-O 9. Bg5 cxd4 10. Nxd4 Qb6 11. Nb3 d4 12. Na4 Qb5 13. Bxf6 Bxf6 14. Nac5 b6
15. Nd3 a5 16. Qc2 Nb4 17. Qd2 Ra7 18. Rfd1 Nxd3 19. Qxd3 Qxd3 20. Rxd3 Ba6 21.
Rd2 Rd8 22. Be4 a4 23. Nc1 Bg5 24. Rc2 Re7 25. Bd3 Rc8 26. Rxc8+ Bxc8 27. Bb5
Rc7 28. f4 Be7 29. Bxa4 Bc5 30. Nd3 Bd6 31. Rc1 Bc5 32. Nxc5 bxc5 33. Bb3 Ba6
34. Bc4 Bc8 35. Kf2 Bg4 36. Bd3 Be6 37. b3 g6 38. e3 dxe3+ 39. Kxe3 Kf8 40. Bc4
Bf5 41. Kf2 Rd7 42. Ke1 Re7+ 43. Kd2 Rd7+ 44. Kc3 Re7 45. Rd1 Be4 46. Rd8+ Kg7
47. Rc8 Ra7 48. a4 Ra5 49. Bb5 Ra7 50. Rxc5 Bf5 51. Bc4 Re7 52. Re5 Rd7 53. a5
Kh6 54. a6 Kh5 55. Ra5 Ra7 56. b4 Kg4 57. b5 Be4 58. b6 Re7 59. Re5 Rxe5 60.
fxe5 Kh3 61. b7 Bxb7 62. axb7 Kxh2 63. b8=Q Kxg3 {Black resigns} 1-0

[Event "Team 45 45 League T45"]
[Site "Internet Chess Club"]
[Date "2010.05.17"]
[Round "2"]
[White "Visin"]
[Black "TheronUAL"]
[Result "1-0"]
[WhiteElo "1343"]
[BlackElo "1488"]
[Opening "English: Caro-Kann defensive system"]
[ECO "A11"]
[Time "09:00:11"]
[TimeControl "2700+45"]

1. c4 c6 2. Nc3 d5 3. cxd5 cxd5 4. d4 Nf6 5. Bg5 e6 6. e3 Be7 7. Nf3 O-O 8. Be2
Nbd7 9. O-O a6 10. Qc2 b5 11. a3 Bb7 12. b4 Rc8 13. Qd2 h6 14. Bf4 Re8 15. h3
Nh7 16. Rac1 Bf6 17. Rfd1 Nhf8 18. a4 Ng6 19. Bh2 e5 20. dxe5 Ngxe5 21. Nxd5
Bxd5 22. Qxd5 Nxf3+ 23. Bxf3 Rxc1 24. Rxc1 Ne5 25. Bxe5 Bxe5 26. Qxd8 Rxd8 27.
axb5 axb5 28. Rc5 f6 29. Rxb5 Rc8 30. Rc5 Rc7 31. Rxc7 Bxc7 32. b5 Kf8 33. g4
Ke7 34. Be2 Kd6 35. Kg2 Bb6 36. Kf3 Ke5 37. Bd3 g5 38. Kg3 Kd5 39. h4 Ke6 40.
hxg5 hxg5 41. e4 Bd4 42. f4 Be3 43. fxg5 fxg5 44. Kf3 Bf4 45. Ke2 Ke5 46. Kd1
Kd4 47. Kc2 Ke3 48. Kc3 Kf3 49. Kd4 Kxg4 50. e5 Kf3 51. Be4+ Kf2 52. e6 Bd6 53.
Kd5 Be7 54. b6 Bd8 55. b7 Bc7 56. e7 g4 57. e8=Q g3 58. b8=Q Bxb8 59. Qxb8 g2
60. Bxg2 Kxg2 61. Qf8 Kg3 62. Ke4 Kg2 63. Ke3 Kg1 64. Ke2 Kg2 65. Qg8+ Kh2 66.
Kf2 Kh3 67. Qg3# {Black checkmated} 1-0

[Event "Team 45 45 League T45"]
[Site "Internet Chess Club"]
[Date "2010.05.16"]
[Round "2"]
[White "AtomicDog"]
[Black "katabatico"]
[Result "1-0"]
[WhiteElo "1531"]
[BlackElo "1382"]
[Opening "Ruy Lopez: closed defense"]
[ECO "C87"]
[Time "13:00:19"]
[TimeControl "2700+45"]

1. e4 e5 2. Nf3 Nc6 3. Bb5 a6 4. Ba4 Nf6 5. O-O Be7 6. Re1 O-O 7. Nc3 b5 8. Bb3
d6 9. d3 Bg4 10. Nd5 Nd4 11. Nxf6+ Bxf6 12. Bd5 Rb8 13. c3 Nxf3+ 14. gxf3 Bh3
15. f4 exf4 16. Qh5 Qc8 17. Bxf4 Bg4 18. Bxf7+ Rxf7 19. Qd5 Bf3 20. Qf5 Qxf5 21.
exf5 Bh4 22. Re3 Bc6 23. Rh3 Bxf2+ 24. Kxf2 Rxf5 25. Rh4 g5 26. Rg1 Kh8 27. Rxg5
Rxg5 28. Bxg5 Rf8+ 29. Rf4 Rxf4+ 30. Bxf4 Kg7 31. Bg5 Bd5 32. b3 Kf7 33. Kg3 Be6
34. Kf4 c6 35. Bd8 Bh3 36. Bb6 Kg6 37. Bc7 Bf5 38. Ke3 d5 39. Kd4 Kf6 40. Kc5
Bxd3 41. Kxc6 b4 42. cxb4 Be4 43. Kc5 Ke6 44. b5 axb5 45. Kxb5 d4 46. Bf4 d3 47.
Bd2 Kf5 48. Kc4 Kg4 49. Kd4 Kf3 50. a4 Ke2 51. Kc3 Bd5 52. b4 Bb3 53. a5 Bc4 54.
Bh6 Bb5 55. Kd4 d2 56. Bxd2 Kxd2 57. Kc5 Be8 58. b5 Kc3 59. b6 {Black forfeits
on time} 1-0

[Event "Team 45 45 League T45"]
[Site "Internet Chess Club"]
[Date "2010.05.16"]
[Round "2"]
[White "alaskauk"]
[Black "ElmerHo"]
[Result "1-0"]
[WhiteElo "1539"]
[BlackElo "1519"]
[Opening "Sicilian defense"]
[ECO "B30"]
[Time "16:00:22"]
[TimeControl "2700+45"]

1. e4 c5 2. Nf3 Nc6 3. Bc4 g6 4. O-O Bg7 5. c3 e6 6. Re1 Nge7 7. d4 cxd4 8. cxd4
d5 9. exd5 exd5 10. Bb3 O-O 11. Nc3 Be6 12. Bg5 Qd7 13. Qd2 a6 14. Rad1 Rac8 15.
Na4 Qe8 16. Nc5 Nd8 17. Nxe6 fxe6 18. Bxe7 Qxe7 19. Bxd5 Rf5 20. Bb3 Qf6 21. Qe3
Rc6 22. d5 Rd6 23. dxe6 Rxd1 24. e7+ {Black resigns} 1-0

[Event "Team 45 45 League T45"]
[Site "Internet Chess Club"]
[Date "2010.05.16"]
[Round "2"]
[White "g8wrb"]
[Black "Tjet"]
[Result "0-1"]
[WhiteElo "1502"]
[BlackElo "1528"]
[Opening "QGD Slav defense"]
[ECO "D10"]
[Time "14:01:56"]
[TimeControl "2700+45"]

1. d4 d5 2. c4 c6 3. Nc3 g6 4. e3 Bg7 5. Nf3 Nf6 6. Qb3 Qb6 7. Qxb6 axb6 8. cxd5
cxd5 9. Bd3 Bd7 10. O-O O-O 11. Bd2 e6 12. Rfc1 Rc8 13. a3 Be8 14. Nb5 Rxc1+ 15.
Rxc1 Bxb5 16. Bxb5 Na6 17. Ne5 Bf8 18. f3 Bd6 19. Kf2 Nc7 20. Bd3 Kg7 21. Bb4
Nce8 22. Bxd6 Nxd6 23. Rc7 Rc8 24. Rxc8 Nxc8 25. Ke2 Kf8 26. Kd2 Ke7 27. Kc3 Nd7
28. Kb4 f6 29. Ng4 f5 30. Nf2 Nd6 31. g3 e5 32. Kc3 e4 33. fxe4 Nxe4+ 34. Nxe4
fxe4 35. Be2 Nf6 36. Kb4 Kd6 37. h3 g5 38. Kb5 Kc7 39. a4 h6 40. b3 h5 41. Bd1
h4 42. gxh4 gxh4 43. Be2 Nh7 44. Kb4 Ng5 45. Bg4 Nf3 46. Kb5 Nd2 47. Kb4 Nf1 48.
Be6 Nxe3 49. a5 bxa5+ 50. Kxa5 Nc2 51. Bxd5 e3 52. Bf3 Nxd4 53. Bg4 e2 54. Bxe2
Nxe2 55. Kb4 Nf4 56. Kc4 Nxh3 57. Kd4 Ng1 58. Ke3 Kc6 59. Kf2 Kb5 60. Kxg1 Kb4
61. Kh2 Kxb3 62. Kh3 Kc3 63. Kxh4 b5 64. Kg3 b4 65. Kf2 b3 66. Ke1 Kc2 67. Ke2
b2 68. Ke3 b1=Q 69. Ke4 Qb5 70. Kd4 Kd2 71. Ke4 Qc5 72. Kf4 Qd5 73. Kg4 Qe5 74.
Kf3 Qd4 75. Kg3 Qe4 76. Kf2 Qf4+ 77. Kg2 Ke2 78. Kg1 Qg5+ 79. Kh1 Kf2 80. Kh2
{White resigns} 0-1

[Event "Team 45 45 League T45"]
[Site "Internet Chess Club"]
[Date "2010.05.16"]
[Round "2"]
[White "otib2006"]
[Black "Zohan"]
[Result "0-1"]
[WhiteElo "1214"]
[BlackElo "1541"]
[Opening "Queen's pawn game, Krause variation"]
[ECO "D02"]
[Time "15:30:38"]
[TimeControl "2700+45"]

1. d4 d5 2. Nf3 c5 3. e3 cxd4 4. Nxd4 e5 5. Nf3 Nc6 6. Nc3 Bb4 7. Bb5 Bxc3+ 8.
bxc3 Bg4 9. O-O e4 10. h3 Bxf3 11. gxf3 Qg5+ 12. Kh2 exf3 13. Qxf3 Qe5+ 14. Kh1
Nf6 15. Ba3 Qxc3 16. Bd6 Ne4 17. Qf4 Nxd6 18. Qxd6 Rd8 19. Qf4 Qxc2 20. Rfc1 Qb2
21. Rab1 Qa3 22. Bxc6+ bxc6 23. Qe5+ Kf8 24. Rg1 Rg8 25. Rbd1 Re8 26. Qc7 g6 27.
Qxc6 Qxa2 28. Kg2 a5 29. Ra1 Qd2 30. Qd6+ Kg7 31. Rae1 Re6 32. Qf4 Rf6 33. Qg3
a4 34. Ra1 Qa5 35. h4 a3 36. h5 a2 37. Kh2 Rc6 38. Qe5+ f6 39. Qe7+ Kh6 40. hxg6
hxg6 41. Qf7 Rg7 42. Qe8 Ra6 43. Kg2 Ra8 44. Qe6 g5 45. Qxf6+ Kh7 46. Rh1+ Kg8
47. Qe6+ Rf7 48. Rh5 Rd8 49. Rxg5+ Kf8 50. Qh6+ Ke8 51. Rg8+ Kd7 52. Qh3+ Kc7
53. Qg3+ Kd7 54. Rxd8+ Kxd8 55. Qg8+ Ke7 56. Qg5+ Kf8 57. e4 Rg7 58. exd5 Rxg5+
59. Kf3 Qxd5+ 60. Kf4 Rf5+ 61. Kg3 Qf3+ 62. Kh4 Rh5# {White checkmated} 0-1

[Event "Team 45 45 League T45"]
[Site "Internet Chess Club"]
[Date "2010.05.16"]
[Round "2"]
[White "JimGaming"]
[Black "dpmdpm"]
[Result "0-1"]
[WhiteElo "1284"]
[BlackElo "1444"]
[Opening "Sicilian: closed"]
[ECO "B23"]
[Time "14:00:12"]
[TimeControl "2700+45"]

1. e4 c5 2. Nc3 d6 3. Bb5+ Bd7 4. Bc4 Nf6 5. d3 Nc6 6. Nge2 g6 7. O-O Bg7 8. h3
a6 9. a3 b5 10. Ba2 O-O 11. f4 e6 12. Qe1 Nd4 13. Nxd4 cxd4 14. Nd1 Rc8 15. c3
dxc3 16. Nxc3 Ne8 17. Bd2 Nc7 18. Rc1 Bc6 19. b4 d5 20. e5 d4 21. Ne2 Bd5 22.
Bb1 f6 23. Nxd4 fxe5 24. fxe5 Rxf1+ 25. Kxf1 Qf8+ 26. Kg1 Qf7 27. Qe2 Rf8 28.
Re1 Ne8 29. Nf3 Bxf3 30. gxf3 Qxf3 31. Qxf3 Rxf3 32. Re3 Rxe3 33. Bxe3 Bxe5 34.
Bc5 Bb2 35. Ba2 Kf7 36. a4 bxa4 37. d4 Nc7 38. Kf2 Nd5 39. h4 Bc3 40. Bxd5 exd5
41. b5 axb5 42. Ke2 Ba5 43. Kd3 Kf6 44. Kc2 Kf5 45. Kd3 Kg4 46. Be7 b4 47. Kc2
Kf5 48. Kb2 Bb6 49. Bc5 Bxc5 50. dxc5 Ke6 {White resigns} 0-1

[Event "Team 45 45 League T45"]
[Site "Internet Chess Club"]
[Date "2010.05.13"]
[Round "2"]
[White "tryanything"]
[Black "juniorVishy"]
[Result "0-1"]
[WhiteElo "1543"]
[BlackElo "1434"]
[Opening "QGD Slav defense"]
[ECO "D10"]
[Time "19:00:06"]
[TimeControl "2700+45"]

1. d4 c6 2. c4 d5 3. Nc3 Nf6 4. e3 Bf5 5. Bd3 Bxd3 6. Qxd3 e6 7. Nf3 Nbd7 8. O-O
Bd6 9. h3 O-O 10. e4 dxe4 11. Nxe4 Be7 12. Bg5 Nxe4 13. Bxe7 Nxf2 14. Rxf2 Qxe7
15. Raf1 Rad8 16. Qe3 f6 17. a3 Rfe8 18. b4 Nb6 19. Qb3 Qd7 20. a4 Na8 21. Rd1
Nc7 22. Rfd2 Kh8 23. a5 b6 24. axb6 axb6 25. Ra1 Ra8 26. Rda2 Rxa2 27. Rxa2 b5
28. c5 Qd5 29. Qa3 Qc4 30. Qa7 h6 31. Rf2 Nd5 32. Qd7 Rg8 33. Qxe6 Nxb4 34. Qd7
Qd5 35. Qe7 Qd8 36. Qe1 Nd3 37. Qe2 Nxf2 38. Qxf2 b4 39. Nh4 Re8 40. Qb2 Re4 41.
Nf5 Qd5 42. g4 g6 {White resigns} 0-1